 Dungeon Sprint DCSS version 0.20-a0-876-g2c7b0bf (webtiles) character file.

45 esc the Skirmisher (level 3, 0/31 HPs)
             Began as a Demonspawn Berserker on Mar 15, 2017.
             Was a Follower of Trog.
             Slain by a worker ant (1 damage)
             ... in the Dungeon (Sprint II: "The Violet Keep of Menkaure").
             The game lasted 00:00:25 (21 turns).

esc the Skirmisher (Demonspawn Berserker)             Turns: 21, Time: 00:00:26

Health: 0/31       AC:  4    Str: 18    XL:     3   Next: 42%
Magic:  0/3        EV: 13    Int:  8    God:    Trog [*.....]
Gold:   0          SH:  0    Dex: 12    Spells: 2/2 levels left

rFire    . . .     SeeInvis .   a - +0 falchion
rCold    . . .     Gourm    .   b - +0 animal skin
rNeg     . . .     Faith    .   (no shield)
rPois    .         Spirit   +   (no helmet)
rElec    .         Reflect  .   (no cloak)
rCorr    .         Harm     .   (no gloves)
MR       .....     NoTele   +   (no boots)
Stlth    +.........             (no amulet)
Regen    0.1/turn               (no ring)
MPRegen  0.1/turn               (no ring)

@: lethally poisoned (0 -> -11), exhausted, slowed, very slow
A: thin metallic scales 1, magic shield
a: Berserk, Burn Spellbooks, Renounce Religion


You were in the Dungeon.
You worshipped Trog.
Trog was aware of your devotion.
You were not hungry.

You visited 1 branch

Inventory:

Hand Weapons
 a - a +0 falchion (weapon)
Armour
 b - a +0 animal skin (worn)
Scrolls
 i - a scroll of blinking {!r}
Potions
 d - a potion of curing
 e - a potion of heal wounds
 f - a potion of haste
 g - 2 potions of magic
 h - a potion of berserk rage {!q}
Comestibles
 c - a bread ration {@e1}


   Skills:
 + Level 4.5 Fighting
 + Level 4.1 Long Blades
 + Level 3.4 Armour
 + Level 3.6 Dodging


You had 2 spell levels left.
You didn't know any spells.

Dungeon Overview and Level Annotations

Branches:
Dungeon (1/1)

Altars:


Innate Abilities, Weirdness & Mutations

You are partially covered in thin metallic scales. (AC +2)
When hurt, damage is shared between your health and your magic reserves.


Message History

Welcome, esc the Demonspawn Berserker.
Trog says: Kill them all!
Found a staircase leading out of the dungeon.
You open the door. 2 tyrant leeches come into view.
You close the door.
You open the door. 2 worker ants come into view.
A red film seems to cover your vision as you go berserk!
You feel yourself moving faster!
You feel mighty!
You feel a lot more hungry.
The worker ant twitches its antennae in your direction.
The worker ant closely misses you.
You riposte.
You barely miss the worker ant.
The worker ant waves its antennae.
You now have 27/27 hp.
You slash the worker ant! The worker ant bites you.
You take 5 damage, and have 22/27 hp.
You hit the worker ant. The worker ant closely misses you.
You slash the worker ant!
You kill the worker ant!
Trog accepts your kill.
Your Fighting skill increases to level 4!
Your Long Blades skill increases to level 3!
Your Armour skill increases to level 2!
Your Dodging skill gained 2 levels and is now at level 3!
You have reached level 2!
Your demonic ancestry asserts itself...
Thin metallic scales grow over part of your body.
You regained 8 hp, and now have 30/37 hp.
MP restored: 2 You barely miss the worker ant.
The worker ant bites you!
You are poisoned.
The worker ant poisons you!
You take 7 damage, and have 23/37 hp.
You hit the worker ant.
You feel sick. The worker ant bites you.
You take 2 damage, and have 21/37 hp.
You barely miss the worker ant. You slash the worker ant!
You feel sick. The worker ant closely misses you.
You riposte.
You hit the worker ant.
You kill the worker ant!
Trog accepts your kill.
Your Long Blades skill increases to level 4!
Your Armour skill increases to level 3!
You have reached level 3!
Your experience leads to an increase in your attributes!
Your base attributes are Str 17, Int 8, Dex 12.
Increase (S)trength, (I)ntelligence, or (D)exterity?
You feel stronger.
Your demonic ancestry asserts itself...
You feel your magical essence form a protective shroud around your flesh.
You regained 4 hp, and now have 25/46 hp.
MP restored: 3
There is an open door here.
You see here a worker ant corpse.
You feel a strong urge to attack something. 2 worker ants come into view.
The worker ant twitches its antennae in your direction. x2
You see here 243 gold pieces.
You slash the worker ant!
You feel sick.
You take 1 damage, and have 24/46 hp.
You are no longer berserk.
You are exhausted.
You feel yourself slow down.
There is an open door here.
You see here a worker ant corpse.
You now have 16/31 hp.
You closely miss the worker ant.
You feel sick. The worker ant bites you. x2
You are lethally poisoned!
The worker ant poisons you!
You take 6 damage, and have 10/31 hp.
You now have 2/3 mp.
You hit the worker ant.
* * * LOW HITPOINT WARNING * * *
You feel sick. The worker ant closely misses you.
The worker ant bites you but does no damage.
You take 1 damage, and have 9/31 hp.
You are too injured to fight recklessly!
You are too injured to fight recklessly!
You are too injured to fight recklessly!
You barely miss the worker ant.
* * * LOW HITPOINT WARNING * * *
You feel sick. The worker ant bites you.
* * * LOW HITPOINT WARNING * * *
You are more poisoned.
The worker ant poisons you! The worker ant misses you.
You riposte.
You closely miss the worker ant.
You take 2 damage, and have 7/31 hp.
You hit the worker ant but do no damage.
* * * LOW HITPOINT WARNING * * *
You feel sick. The worker ant bites you.
* * * LOW HITPOINT WARNING * * *
The worker ant closely misses you.
You riposte.
You closely miss the worker ant.
You take 4 damage, and have 3/31 hp.
You now have 1/3 mp.
You hit the worker ant.
* * * LOW HITPOINT WARNING * * *
You feel sick. The worker ant closely misses you.
You riposte.
You hit the worker ant. The worker ant bites you.
You die...

## ## ##.
.##
#.a#..# #
#a# ##.
#@#
#.w.##.##
#+.<.+
#$w.##.##
##. #+# #


You could see 2 worker ants.

Vanquished Creatures
  2 worker ants (D)
2 creatures vanquished.

Notes
Turn   | Place    | Note
-------+----------+-------------------------------------------
     0 | D        | esc the Demonspawn Berserker began the quest for the Orb.
     0 | D        | Reached XP level 1. HP: 18/18 MP: 1/1
     1 | D        | Noticed a tyrant leech
     1 | D        | Noticed a tyrant leech
     4 | D        | Noticed a worker ant
     4 | D        | Noticed a worker ant
     8 | D        | Killed a worker ant
     8 | D        | Reached skill level 4 in Fighting
     8 | D        | Reached skill level 3 in Long Blades
     8 | D        | Reached skill level 2 in Armour
     8 | D        | Reached skill level 3 in Dodging
     8 | D        | Gained mutation: You are partially covered in thin metallic scales. (AC +2) [demonic ancestry]
     8 | D        | Reached XP level 2. HP: 25/25 MP: 2/2
    12 | D        | Reached skill level 4 in Long Blades
    12 | D        | Reached skill level 3 in Armour
    12 | D        | Gained mutation: When hurt, damage is shared between your health and your magic reserves. [demonic ancestry]
    12 | D        | Reached XP level 3. HP: 25/31 MP: 3/3
    19 | D        | HP: 7/31 [worker ant (1)]
    20 | D        | HP: 3/31 [worker ant (2)]
    21 | D        | HP: 1/31 [poisoned by a worker ant]
    21 | D        | Slain by a worker ant

Vault maps used:
D:        the_violet_keep_of_menkaure

Skill      XL: |  1  2 |
---------------+-------+-----
Fighting       | 4 |  4.5
Long Blades    | 3 4 |  4.1
Armour         | 2 3 |  3.4
Dodging        | 3 |  3.6

Action                   || total
-------------------------++-------
Melee: Falchion          ||    13
Invok: Berserk           ||     1
Armor: Animal skin       ||     1
Dodge: Dodged            ||     7
       Rpst.: Falchion   ||     5

Vault maps used:
D:        the_violet_keep_of_menkaure

Table legend:
 A = Turns spent in this place as a percentage of turns spent in the entire game.
 B = Non-inter-level travel turns spent in this place as a percentage of non-inter-level travel turns spent in the entire game.
 C = Inter-level travel turns spent in this place as a percentage of turns spent in this place.
 D = Turns resting spent in this place as a percentage of non-inter-level travel turns spent in this place.
 E = Turns spent auto-exploring this place as a percentage of non-inter-level travel turns spent in this place.
 F = Non-inter-level travel turns spent in this place divided by the number of levels of this place that you've seen.
                   A       B       C       D       E      F
               +-------+-------+-------+-------+-------+----------------------
         Total | 100.0 | 100.0 |   0.0 |   0.0 |   0.0 |  25.0
       Dungeon | 100.0 | 100.0 |   0.0 |   0.0 |   0.0 |  25.0
               +-------+-------+-------+-------+-------+----------------------

Table legend:
 A = Kills in this place as a percentage of kills in entire the game.
 B = Kills by you in this place as a percentage of kills by you in the entire game.
 C = Kills by friends in this place as a percentage of kills by friends in the entire game.
 D = Other kills in this place as a percentage of other kills in the entire game.
 E = Experience gained in this place as a percentage of experience gained in the entire game.
 F = Experience gained in this place divided by the number of levels of this place that you have seen.
                   A       B       C       D       E      F
               +-------+-------+-------+-------+-------+----------------------
         Total | 100.0 | 100.0 |  -nan |  -nan | 100.0 |  65.0
       Dungeon | 100.0 | 100.0 |  -nan |  -nan | 100.0 |  65.0
               +-------+-------+-------+-------+-------+----------------------
